 Dungeon Crawl Stone Soup version 0.30-b1-2-g02819fbbbe (webtiles) character file.

Game seed: 1035699973924925032

5060 Angani the Grappler (level 10, -24/106 HPs)
             Began as a Troll Monk on May 12, 2023.
             Annihilated by a death yak (28 damage)
             ... on level 8 of the Dungeon.
             The game lasted 00:12:19 (6472 turns).

Angani the Grappler (Troll Monk)                    Turns: 6472, Time: 00:12:19

Health: -24/106    AC:  5    Str: 25    XL:     10   Next: 31%
Magic:  9/9        EV: 12    Int:  6    God:
Gold:   268        SH:  5    Dex: 12    Spells: 9/9 levels left

rFire   . .          .
                       - Unarmed
rCold   . . .        c - orb {light}
rNeg    . . .        z - +0 robe {Archmagi}
rPois   +            (helmet restricted)
rElec   .            w - +0 cloak
rCorr   .            (gloves unavailable)
SInv    .            (boots unavailable)
Will    +....        t - amulet of reflection
Stlth   +            A - ring of poison resistance
HPRegen 1.17/turn    F - ring of willpower
MPRegen 0.11/turn

%: reflection, archmagi
@: glowing
A: large, unfitting armour, claws 3, regeneration 1, shaggy fur 1, tough skin 1
a: no special abilities


You were on level 8 of the Dungeon.
You visited 2 branches of the dungeon, and saw 10 of its levels.

You collected 356 gold pieces.
You spent 88 gold pieces at shops.

Inventory:

Armour
 c - an orb of light (worn)
 w - a +0 cloak (worn)
 z - a +0 robe of the Archmagi (worn)
Jewellery
 a - an amulet of magic regeneration
 t - an amulet of reflection (around neck)
 A - a ring of poison resistance (left claw)
 F - a ring of willpower (right claw)
Wands
 v - a wand of polymorph (1)
 E - a wand of flame (17)
Scrolls
 d - 2 scrolls of enchant weapon {unknown}
 h - 10 scrolls of identify {unknown}
 i - a scroll of immolation {unknown}
 k - 2 scrolls of enchant armour {unknown}
 l - a scroll of poison {unknown}
 q - 3 scrolls of teleportation {unknown}
 r - a scroll of amnesia {unknown}
 u - 2 scrolls of noise {unknown}
 x - 4 scrolls of blinking {unknown}
 y - 2 scrolls of fear {unknown}
 B - a scroll of fog {unknown}
 C - 2 scrolls of brand weapon {unknown}
 D - a scroll of magic mapping {unknown}
Potions
 b - a potion of ambrosia
 e - 2 potions of curing {unknown}
 f - 2 potions of mutation {unknown}
 g - 2 potions of attraction {unknown}
 j - a potion of degeneration {unknown}
 m - 2 potions of haste {unknown}
 n - 3 potions of heal wounds {unknown}
 o - a potion of might {unknown}
 p - a potion of brilliance {unknown}
 s - a potion of invisibility


   Skills:
 + Level 8.7 Fighting
 + Level 6.3 Dodging
 - Level 10.0 Unarmed Combat


You had 9 spell levels left.
You didn't know any spells.
Your spell library contained the following spells:

 Spells                   Type           Power      Damage    Failure   Level
 Sandblast                Erth           0%         2d4       45%         1
 Shock                    Conj/Air       0%         1d3       45%         1
 Slow                     Hex            0%         N/A       45%         1
 Sting                    Tmut/Pois      0%         1d3       45%         1
 Passwall                 Tmut/Erth      0%         N/A       58%         2
 Poisonous Vapours        Pois/Air       0%         N/A       58%         2
 Confusing Touch          Hex            0%         N/A       83%         3
 Mephitic Cloud           Conj/Pois/Air  0%         N/A       83%         3
 Ozocubu's Armour         Ice            0%         N/A       83%         3
 Stone Arrow              Conj/Erth      0%         3d7       83%         3
 Swiftness                Air            0%         N/A       83%         3
 Vampiric Draining        Necr           0%         2d6       83%         3
 Airstrike                Air            0%         2d(0-16)  99%         4
 Cause Fear               Hex            0%         N/A       99%         4
 Olgreb's Toxic Radiance  Pois           0%         N/A       99%         4
 Blade Hands              Tmut           0%         N/A       100%        5
 Freezing Cloud           Conj/Ice/Air   0%         6-21      100%        5
 Irradiate                Conj/Tmut      0%         3d11      100%        5
 Iskenderun's Battlesphe  Conj           0%         2d6       100%        5
 Iron Shot                Conj/Erth      0%         9d1       100%        6
 Dragon Form              Tmut           0%         N/A       100%        7
 Ozocubu's Refrigeration  Ice            0%         4d7       100%        7
 Spellforged Servitor     Conj/Summ      0%         N/A       100%        7
 Dragon's Call            Summ           0%         N/A       100%        9


Dungeon Overview and Level Annotations

Branches:
Dungeon (9/15)             Temple (1/1) D:6            Lair (0/5) D:8
    Orc: D:9-12

Altars:
Ashenzari
Cheibriados
Dithmenos
Elyvilon
Fedhas
Gozag
Hepliaklqana
Kikubaaqudgha
Nemelex Xobeh
Okawaru
Qazlal
Ru
Sif Muna
Trog
Uskayaw
Vehumet
Wu Jian
Xom
Yredelemnul
Zin
The Shining One

Shops:
D:3 [   D:5 [*

Annotations:
D:5 1 runed translucent door, MrCrawl's ghost, novice DsNe


Innate Abilities, Weirdness & Mutations

You are too large for most types of armour.
You have claws for hands.
Your natural rate of healing is unusually fast.
You are covered in fur. (AC +1)
You have tough skin. (AC +1)


Message History

No target in view!
You start resting.
HP restored.
You climb upwards.
There is a stone staircase leading down here.
Unknown command.
You scratch the death yak but do no damage.
You claw the death yak!
The death yak is lightly wounded.
The death yak barely misses you.
You claw the death yak!
The death yak is moderately wounded.
The death yak barely misses you.
You scratch the death yak but do no damage.
The death yak is moderately wounded.
The death yak gores you!
You scratch the death yak.
The death yak is moderately wounded.
The death yak gores you!!
You completely miss the death yak.
The death yak is moderately wounded.
You scratch the death yak.
The death yak is moderately wounded.
The death yak gores you!
You scratch the death yak but do no damage.
The death yak is moderately wounded.
The death yak gores you!!
You are too injured to fight recklessly!
You mangle the death yak!!
The death yak is severely wounded.
The death yak gores you!!
* * * LOW HITPOINT WARNING * * *
You mangle the death yak!!
The death yak is almost dead.
The death yak gores you!
* * * LOW HITPOINT WARNING * * *
You claw the death yak!
The death yak is almost dead.
The death yak gores you!!
You die...

........##.....#
##...###
........##.....#
##..###
........##.....# #..##
.[......##.....# #.##
........##.....# ##.#
........##.....####..#
........######.......#
........######.Y.....#
................@....#
........######.......#
........# #.......#
.######## #......[# .#
#.......# .# #.......#
[# #.......# <#
#.......# .# #.......#


You could see a death yak.

Vanquished Creatures
  2 death yaks
  Joseph (D:7)
  Sigmund (D:3)
  A hornet (D:7)
  A water moccasin (D:7)
  2 ice beasts (D:5)
  3 black bears
  2 ogres (D:5)
  A sky beast (D:6)
  2 phantoms
  2 centaurs
  4 bullfrogs
  A gnoll sergeant (D:5)
  A scorpion (D:6)
  6 wights
  10 killer bees
  A howler monkey (D:6)
  A centaur zombie (D:8)
  3 orc priests
  A hound (D:4)
  A gnoll bouda (D:3)
  A sleepcap (D:3)
  Jessica (D:2)
  4 iguanas
  4 orc wizards
  3 hell rats (D:8)
  2 killer bee zombies (D:8)
  2 howler monkey zombies (D:8)
  14 gnolls
  9 adders
  A river rat (D:8)
  A white imp (D:6)
  3 ufetubi
  3 worms (D:2)
  5 dart slugs
  32 orcs
  9 ball pythons
  6 endoplasms
  4 giant cockroaches
  7 goblins
  8 hobgoblins
  2 quokkas
  5 bats
  4 frilled lizards
  8 kobolds
  10 rats
195 creatures vanquished.

Vanquished Creatures (others)
  10 plants (D:4)
  5 withered plants
15 creatures vanquished.

Grand Total: 210 creatures vanquished

Notes
Turn   | Place    | Note
-------+----------+-------------------------------------------
     0 | D:1      | Angani the Troll Monk began the quest for the Orb.
     0 | D:1      | Reached XP level 1. HP: 22/22 MP: 0/0
   100 | D:1      | Reached XP level 2. HP: 16/29 MP: 1/1
   870 | D:2      | Reached XP level 3. HP: 22/36 MP: 2/2
   875 | D:2      | Reached skill level 4 in Unarmed Combat
   925 | D:2      | Found a faded altar of an unknown god.
  1040 | D:2      | Noticed Jessica
  1046 | D:2      | Killed Jessica
  1047 | D:2      | Reached XP level 4. HP: 45/45 MP: 3/3
  1332 | D:2      | Found a hide-covered altar of Uskayaw.
  1722 | D:3      | Reached skill level 5 in Unarmed Combat
  1722 | D:3      | Reached XP level 5. HP: 53/53 MP: 4/4
  1775 | D:3      | Found Wugiuth's Antique Armour Shop.
  2787 | D:4      | Reached XP level 6. HP: 62/62 MP: 5/5
  2873 | D:4      | Reached skill level 6 in Unarmed Combat
  2907 | D:4      | Noticed Sigmund
  2963 | D:3      | Killed Sigmund
  2975 | D:3      | Reached XP level 7. HP: 63/70 MP: 6/6
  3129 | D:4      | Reached skill level 7 in Unarmed Combat
  3387 | D:5      | Entered Level 5 of the Dungeon
  3502 | D:5      | Found Siaz's CLEARANCE SALE!.
  3563 | D:5      | Reached skill level 8 in Unarmed Combat
  3597 | D:5      | Reached skill level 5 in Fighting
  3624 | D:5      | Reached XP level 8. HP: 80/80 MP: 7/7
  3869 | D:5      | Found a runed translucent door.
  3874 | D:5      | Noticed MrCrawl's ghost (novice DsNe)
  3964 | D:5      | Found Wyitoynn's Antique Armour Emporium.
  3969 | D:5      | Bought a runed robe for 88 gold pieces
  4082 | D:6      | Reached skill level 9 in Unarmed Combat
  4213 | D:6      | You fall into a shaft and drop 2 floors!
  4284 | D:8      | Reached skill level 10 in Unarmed Combat
  4450 | D:6      | Reached XP level 9. HP: 84/92 MP: 8/8
  4513 | D:6      | Found a staircase to the Ecumenical Temple.
  4633 | Temple   | Entered the Ecumenical Temple
  5233 | D:7      | Found a shadowy altar of Dithmenos.
  5234 | D:7      | Found a hide-covered altar of Uskayaw.
  5487 | D:8      | Noticed a death yak
  5494 | D:8      | Noticed a death yak
  5576 | D:8      | Noticed Joseph
  5620 | D:7      | Killed Joseph
  5711 | D:8      | Reached skill level 5 in Dodging
  5803 | D:8      | Noticed a death yak
  5839 | D:8      | Killed a death yak
  5840 | D:8      | Reached XP level 10. HP: 40/104 MP: 9/9
  5933 | D:8      | Found a staircase to the Lair.
  5975 | D:8      | Identified the +5 falchion of Isyidyuth {elec, Will- Str+7}
  6453 | D:9      | Killed a death yak
  6471 | D:8      | HP: 3/106 [death yak (16)]
  6472 | D:8      | Annihilated by a death yak

Illustrated notes

Levels and vault maps discovered:
D:1:      pf_arrival_petrified_forest, layout_basic
D:2:      layout_basic, basic_altar, ebering_ecumenical_altar_rust,
          minmay_nonomino_d4, uniq_jessica
D:3:      layout_basic, serial_co_window_serial, co_window_corner_a,
          co_window_paths_a, co_window_of_opportunity_a, co_window_paths_b,
          co_window_paths_a, co_window_2corner, co_window_cross_4,
          co_window_corner_b, co_window_paths_e, glass_columns_a,
          glass_columns_b, glass_columns_b, serial_shops,
          nicolae_shop_back_alley_shop, minmay_cut_off
D:4:      layout_cave_pools, st_stairs_7, nicolae_grassy_gnolls, uniq_sigmund
D:5:      layout_rooms, gammafunk_ghost_grave, serial_shops,
          kennysheep_little_box, nicolae_shop_clearance
D:6:      layout_cave_pools, minmay_temple_entry_glassed_door,
          minmay_diced_spiral
D:7:      layout_rooms, mainiacjoe_overflow_divided_tiny
D:8:      layout_basic, dpeg_lair_monsters, serial_undead, serial_undead_e,
          serial_undead_b, serial_undead_e, serial_undead_d, sigmund_army,
          uniq_joseph
D:9:      layout_loops_cross, makhleb_altar_promises_db, nicolae_lava_and_water,
          minmay_ruined_shrine
Temple:   hellmonk_temple_of_storms

Skill      XL: |  1  2  3  4  5  6  7  8  9 10 |
---------------+-------------------------------+-----
Unarmed Combat | 4 5 6 8 10 | 10.0
Fighting       | 3 4 5 6 8 |  8.7
Dodging        | 5 6 |  6.3

Action                     |  1- 3 |  4- 6 |  7- 9 | 10-12 || total
---------------------------+-------+-------+-------+-------++-------
  Melee: Unarmed           |    72 |   155 |   234 |    52 ||   513
 Armour: Robe              |    27 |    41 |    29 |     6 ||   103
  Dodge: Dodged            |    50 |    80 |    88 |    28 ||   246
  Block: Orb               |       |       |    53 |    11 ||    64
         Reflection        |       |       |     1 |       ||     1
